 Dungeon Crawl Stone Soup version 0.29.1-15-g9cfb28693d (webtiles) character file.

Game seed: 1007171759569737441

151 DemonSlayer the Digger (level 5, -3/35 HPs)
             Began as a Demonspawn Earth Elementalist on Mar 4, 2023.
             Slain by an ogre
             ... wielding a +0 giant spiked club
              (24 damage)
             ... on level 4 of the Dungeon.
             The game lasted 00:05:29 (1794 turns).

DemonSlayer the Digger (DsEE)                       Turns: 1794, Time: 00:05:30

Health: -3/35      AC:  3    Str:  8      XL:     5   Next: 10%
Magic:  3/9        EV: 12    Int: 17 (19) God:
Gold:   73         SH:  4    Dex: 12 (15) Spells: 9/10 levels left

rFire   . . .      SeeInvis .   (no weapon)
rCold   . . .      Faith    .   (no shield)
rNeg    . . .      Spirit   .   a - +0 robe
rPois   .          Reflect  .   (no helmet)
rElec   .          Harm     .   e - +0 cloak
rCorr   .          Rampage  .   (no gloves)
Will    .....                   (no boots)
Stlth   +++.......              (no amulet)
HPRegen 0.11/turn               (no ring)
MPRegen 0.11/turn               (no ring)

@: no status effects
A: claws 1, thin skeletal structure 1, condensation shield
a: no special abilities


You were on level 4 of the Dungeon.
You visited 1 branch of the dungeon, and saw 4 of its levels.

You collected 73 gold pieces.

Inventory:

Armour
 a - a +0 robe (worn)
 e - a +0 cloak (worn)
Scrolls
 h - a scroll of blinking


   Skills:
 + Level 0.1 Fighting
 + Level 2.0 Dodging
 + Level 2.5 Stealth
 + Level 0.1 Shields
 + Level 0.4 Unarmed Combat
 + Level 3.1 Spellcasting
 + Level 0.8 Transmutations
 + Level 4.0 Earth Magic


You had 9 spell levels left.
You knew the following spells:

 Your Spells              Type           Power      Damage    Failure   Level
a - Sandblast             Erth           32%        2d9       3%          1

Your spell library contained the following spells:

 Spells                   Type           Power      Damage    Failure   Level
 Passwall                 Tmut/Erth      9%         N/A       10%         2
 Stone Arrow              Conj/Erth      18%        3d8       22%         3
 Petrify                  Tmut/Erth      11%        N/A       54%         4
 Animate Armour           Summ/Erth      18%        N/A       58%         4
 Blade Hands              Tmut           2%         N/A       98%         5
 Iron Shot                Conj/Erth      4%         9d2       100%        6


Dungeon Overview and Level Annotations

Branches:
Dungeon (4/15)
 Temple: D:4-7

Altars:
Okawaru

Annotations:
D:1 1 runed translucent door


Innate Abilities, Weirdness & Mutations

You have sharp fingernails.
You have a somewhat thin skeletal structure. (Dex +2, Stealth+)
A meltable shield of frost defends you. (SH +4)


Message History

The orc is lightly wounded.
The orc barely misses you.
You barely miss the orc.
The orc is lightly wounded.
The orc hits you with a +0 whip.
You scratch the orc.
The orc is moderately wounded.
The orc barely misses you.
You scratch the orc.
The orc is heavily wounded.
The orc barely misses you.
Casting: Sandblast (safe; 3% risk of failure)
Confirm with . or Enter, or press ? or * to list all spells.
Aiming: Sandblast (safe; 3% risk of failure)
Press: ? - help, Shift-Dir - straight line, f - orc
Aim: an orc, wielding a +0 whip (heavily wounded, 82% to hit)
The blast of sand hits the orc!
You kill the orc!
Unknown command.
You start resting.
You hear the slow hiss of a very distant avalanche of sand.
You start resting.
An adder skeleton comes into view.
An ogre comes into view. It is wielding a +0 giant spiked club.
The ogre moves out of view.
The ogre shouts!
You can't see any susceptible monsters within range! (Use Z to cast anyway.)
The blast of sand hits the ogre!
The ogre is moderately wounded.
The blast of sand hits the ogre.
The ogre is heavily wounded.
The ogre closely misses you.
The blast of sand hits the ogre!
The ogre is severely wounded.
The ogre closely misses you.
The blast of sand hits the ogre.
The ogre is almost dead.
The ogre hits you with a +0 giant spiked club!!
Ouch! That really hurt!
You die...

#...._Z....Z.
######...........#
#...............#. #
#....)....#...... .#
#.......).#....# .#.
#...>.....#....#....
#.........#.........
#...................
###..)..#...@O....#
##.†...#.#.......#
#..).....#!......#
#..).....#.......#
#......#.#.......#
####?............#
#####.........#
#..#######


You could see an ogre.

Vanquished Creatures
  A phantom (D:4)
  3 adders
  A dart slug (D:2)
  4 orcs (D:4)
  2 bats (D:2)
  3 giant cockroaches
  2 goblins (D:4)
  3 hobgoblins
  6 jackals
  4 kobolds
  A quokka (D:1)
  4 ball pythons
  3 frilled lizards (D:1)
  6 rats
43 creatures vanquished.

Vanquished Creatures (others)
  4 withered plants (D:4)
4 creatures vanquished.

Grand Total: 47 creatures vanquished

Notes
Turn   | Place    | Note
-------+----------+-------------------------------------------
     0 | D:1      | DemonSlayer the Demonspawn Earth Elementalist began the
                  | quest for the Orb.
     0 | D:1      | Reached XP level 1. HP: 13/13 MP: 3/3
     1 | D:1      | Found a runed translucent door.
   493 | D:1      | Reached skill level 3 in Earth Magic
   571 | D:1      | Gained mutation: You have a somewhat thin skeletal
                  | structure. (Dex +2, Stealth+) [demonic ancestry]
   571 | D:1      | Reached XP level 2. HP: 19/19 MP: 3/5
   890 | D:1      | Found a faded altar of an unknown god.
  1012 | D:1      | Reached XP level 3. HP: 1/24 MP: 0/6
  1680 | D:4      | Noticed a black bear
  1685 | D:4      | Found an iron altar of Okawaru.
  1694 | D:4      | Noticed a phantom
  1698 | D:4      | Gained mutation: A meltable shield of frost defends you.
                  | (SH +4) [demonic ancestry]
  1698 | D:4      | Reached XP level 4. HP: 30/30 MP: 0/7
  1717 | D:4      | Killed a phantom
  1718 | D:4      | Reached skill level 4 in Earth Magic
  1718 | D:4      | Gained mutation: You have sharp fingernails. [demonic
                  | ancestry]
  1718 | D:4      | Reached XP level 5. HP: 22/35 MP: 0/9
  1787 | D:4      | Noticed an ogre
  1794 | D:4      | Slain by an ogre

Illustrated notes

Levels and vault maps discovered:
D:1:      dpeg_arrival_caged_fury, layout_basic,
          shapermc_ecumenical_altar_mp_vishouse
D:2:      layout_rooms
D:3:      minmay_roachtagon, layout_basic, serial_shops,
          nicolae_shop_behind_doors, minmay_checkerbox
D:4:      layout_basic, mainiacjoe_overflow_boulevard,
          mainiacjoe_overflow_alcove_1, minmay_temple_entry_mini_moons,
          biasface_ghost_orc_armoury, enter_ossuary_4, serial_undead,
          serial_undead_c, serial_undead_f, serial_undead_f, serial_undead_f,
          serial_undead_d, serial_undead_c, serial_undead_e, serial_undead_d,
          minivault_26, uniq_robin

Skill      XL: |  1  2  3  4 |
---------------+-------------+-----
Earth Magic    | 3 4 |  4.0
Stealth        | 2 |  2.5
Dodging        | 2 |  2.0
Spellcasting   | 3 |  3.1
Fighting       | |  0.1
Shields        | |  0.1
Unarmed Combat | |  0.4
Transmutations | |  0.8

Action                   |  1- 3 |  4- 6 || total
-------------------------+-------+-------++-------
Melee: Unarmed           |    31 |    25 ||    56
       Punch             |       |     1 ||     1
 Cast: Sandblast         |    56 |     8 ||    64
  Use: Potion            |     5 |       ||     5
       Scroll            |     7 |     2 ||     9
 Stab: Sleeping          |     1 |       ||     1
Armor: Robe              |    16 |     6 ||    22
Dodge: Dodged            |    44 |    21 ||    65
Block: Other             |       |     5 ||     5
